 Dungeon Crawl Stone Soup version 0.27-a0-419-g7a85846853 (webtiles) character file.

Game seed: 9568440940732725834

9 Chiseanne the Skirmisher (level 2, 25/25 HPs)
             Began as a Demonspawn Wanderer on Feb 26, 2021.
             Quit the game on level 1 of the Dungeon.
             The game lasted 00:00:19 (435 turns).

Chiseanne the Skirmisher (Demonspawn Wanderer)       Turns: 435, Time: 00:00:20

Health: 25/25      AC:  2    Str: 12    XL:     2   Next: 6%
Magic:  2/2        EV: 12    Int: 12    God:
Gold:   0          SH:  0    Dex: 13    Spells: 1/1 levels left

rFire    . . .     SeeInvis .   a - +2 spear
rCold    . . .     Faith    .   (no shield)
rNeg     . . .     Spirit   .   c - +0 robe
rPois    .         Reflect  .   (no helmet)
rElec    .         Harm     .   (no cloak)
rCorr    .         Rampage  .   (no gloves)
Will     .....                  (no boots)
Stlth    ++........             (no amulet)
HPRegen  0.08/turn              (no ring)
MPRegen  0.16/turn              (no ring)

@: no status effects
A: magic regeneration
a: no special abilities


You were on level 1 of the Dungeon.
You visited 1 branch of the dungeon, and saw 1 of its levels.

Inventory:

Hand Weapons
 a - a +2 spear (weapon)
Armour
 c - a +0 robe (worn)
Scrolls
 d - a scroll of identify {unknown}
Potions
 b - 2 potions of lignification


   Skills:
 * Level 4.2 Fighting
 - Level 1.7 Polearms
 - Level 1.7 Throwing
 * Level 1.5 Dodging
 - Level 1.0 Stealth


You had one spell level left.
You didn't know any spells.
Your spell library was empty.

Dungeon Overview and Level Annotations

Branches:
Dungeon (1/15)

Altars:


Innate Abilities, Weirdness & Mutations

You regenerate magic rapidly.


Message History

You are too injured to fight recklessly!
The bat barely misses you. The goblin barely misses you.
The bat barely misses you. The bat barely misses you. The bat misses you.
The bat hits you.
You closely miss the bat. The bat hits you.
You hit the bat.
The bat is moderately wounded.
The bat hits you but does no damage. The bat closely misses you.
You hit the bat but do no damage.
The bat is moderately wounded.
The bat closely misses you. The bat hits you but does no damage.
You hit the bat.
You kill the bat!
You hit the goblin.
You kill the goblin!
You have reached level 2!
Your demonic ancestry asserts itself...
Your magic begins to regenerate rapidly.
You hit the hobgoblin.
The hobgoblin is heavily wounded.
The hobgoblin barely misses you.
You hit the hobgoblin but do no damage.
The hobgoblin is heavily wounded.
The hobgoblin hits you.
* * * LOW HITPOINT WARNING * * *
You hit the hobgoblin but do no damage.
The hobgoblin is heavily wounded.
The hobgoblin hits you.
* * * LOW HITPOINT WARNING * * *
You closely miss the hobgoblin.
The hobgoblin is heavily wounded.
The hobgoblin closely misses you.
You hit the hobgoblin.
You kill the hobgoblin!
Things that are here:
a +0 club; a hobgoblin corpse; a goblin corpse You start waiting.
Done waiting.
Are you sure you want to abandon this character and quit the game? (Confirm with "yes".)

#############......#.#
..................
########..#...#.##
##..#.#.# #
#####..##.#.# #......#
.# . #.####.# .. . #)#
#. #. #@# ####.###
#......# #†.....#
#......# #......#
#......# #......#
#..$...#


There were no monsters in sight!

Vanquished Creatures
  A dart slug (D:1)
  2 giant cockroaches (D:1)
  A goblin (D:1)
  A hobgoblin (D:1)
  A bat (D:1)
  A frilled lizard (D:1)
7 creatures vanquished.

Notes
Turn   | Place    | Note
-------+----------+-------------------------------------------
     0 | D:1      | Chiseanne the Demonspawn Wanderer began the quest for the
                  | Orb.
     0 | D:1      | Chiseanne set off with the following items: a +2 spear, 2
                  | potions of lignification, a +0 robe
     0 | D:1      | Reached XP level 1. HP: 19/19 MP: 1/1
     9 | D:1      | Noticed a centaur
    53 | D:1      | Gained mutation: You regenerate magic rapidly. [demonic
                  | ancestry]
    53 | D:1      | Reached XP level 2. HP: 9/25 MP: 2/2
   435 | D:1      | Quit the game

Illustrated notes

Levels and vault maps discovered:
D:1:      evilmike_arrival_come_back, layout_rooms

Action                   || total
-------------------------++-------
Melee: Spear             ||    21
 Stab: Sleeping          ||     1
Armor: Robe              ||     5
Dodge: Dodged            ||    19

Table legend: (Time is in decaauts)
 A = Elapsed time spent in this place.
 B = Non-inter-level travel time spent in this place.
 C = Inter-level travel time spent in this place.
 D = Time resting spent in this place.
 E = Time spent auto-exploring this place.
 F = Levels seen in this place.
 G = Mean time per level.
                   A        B        C        D        E       F      G
               +--------+--------+--------+--------+--------+-----+--------+
         Total |    435 |    435 |      0 |    375 |     20 |   1 |  435.0 |
       Dungeon |    435 |    435 |      0 |    375 |     20 |   1 |  435.0 |
               +--------+--------+--------+--------+--------+-----+--------+

Top non-repeatable levels by time:
     D:1: 435 daAuts
